 Dungeon Crawl Stone Soup version 0.27.0-1-g7a089689b8 (webtiles) character file.

Game seed: 1636623455600124491

44 sasquatch the Sneak (level 3, -1/17 HPs)
             Began as a Felid Delver on Aug 7, 2021.
             Killed by nerve-wracking pain
             ... invoked by an orc priest
              (5 damage)
             ... on level 4 of the Dungeon.
             The game lasted 00:02:10 (790 turns).

sasquatch the Sneak (Felid Delver)                   Turns: 790, Time: 00:02:11

Health: -1/17      AC:  1    Str:  8    XL:     3   Next: 39%
Magic:  4/4        EV: 17    Int: 11    God:
Gold:   0          SH:  0    Dex: 18    Spells: 2/2 levels left
                                        Lives:  0   Deaths: 0

rFire    . . .     SeeInvis +     - Unarmed
rCold    . . .     Faith    .   (shield unavailable)
rNeg     . . .     Spirit   .   (armour unavailable)
rPois    .         Reflect  .   (helmet unavailable)
rElec    .         Harm     .   (cloak unavailable)
rCorr    .         Rampage  .   (gloves unavailable)
Will     .....                  (boots unavailable)
Stlth    ++++......             (no amulet)
HPRegen  0.05/turn              (no ring)
MPRegen  0.09/turn              (no ring)

@: quick
A: very small, claws 1, fangs 3, see invisible, speed 1, shaggy fur 1, stealthy
paws, no weapons or thrown items, no armour, multi-lived
a: no special abilities


You were on level 4 of the Dungeon.
You visited 1 branch of the dungeon, and saw 2 of its levels.
You also visited: Sewer.

Inventory:

Wands
 e - a wand of digging (3)
Scrolls
 a - a scroll of fog
 b - a scroll of magic mapping
 c - a scroll of fear
Potions
 d - a potion of haste


   Skills:
 - Level 3.0 Fighting
 - Level 2.6 Dodging
 + Level 7.4 Stealth
 + Level 3.0 Unarmed Combat


You had 2 spell levels left.
You didn't know any spells.
Your spell library was empty.

Dungeon Overview and Level Annotations

Branches:
Dungeon (5/15)              Sewer (visited)
 Temple: D:4-7

Altars:
Vehumet


Innate Abilities, Weirdness & Mutations

You have sharp claws.
You have razor-sharp teeth.
You have supernaturally acute eyesight. (SInv)
You cover ground quickly. (Speed+)
You are covered in fur. (AC +1)
Your paws help you pounce on unaware monsters.
You are incapable of wielding weapons or throwing items.
You cannot wear armour.
You gain extra lives every three experience levels.


Message History

The ball python constricts you.
You closely miss the ball python. Your bite misses the ball python.
The ball python is moderately wounded.
The ball python closely misses you.
* * * LOW HITPOINT WARNING * * *
The ball python constricts you.
You scratch the ball python.
You kill the ball python!
You start resting.
HP restored.
Found a radiant altar of Vehumet.
You see here a scarf of invisibility.
A goblin comes into view.
It is wielding a +2 dagger of electrocution.
A goblin is nearby!
A goblin comes into view. It is wielding a +0 club.
A kobold comes into view. It is wielding a +0 club.
The goblin shouts!
You hear a shout! x2
An orc comes into view. It is wielding a +0 short sword.
You hear a shout! x2
An orc wizard comes into view. It is wielding a +0 dagger.
The goblin shouts!
You hear a shout!
The kobold shouts!
An orc priest comes into view. It is wielding a +0 club.
The kobold throws a stone.
The stone closely misses you.
You closely miss the goblin. The goblin barely misses you.
You scratch the goblin.
The goblin is moderately wounded.
The goblin closely misses you. The goblin hits you but does no damage.
The orc wizard casts a spell.
The orc wizard flickers and vanishes for a moment.
You miss the goblin.
The goblin is moderately wounded.
The goblin hits you with a +2 dagger of electrocution.
You are electrocuted!
Ouch! That really hurt!
* * * LOW HITPOINT WARNING * * *
The goblin hits you with a +0 club.
* * * LOW HITPOINT WARNING * * *
The orc priest mumbles some strange prayers to Beogh against you.
Pain shoots through your body!
You die...

.# ##. ..# #..
...##..####
#..o#.....####
#.o.........###
####.o...K......
#......g#.......
.........##
.......g@.##
...........#########
...................#
............#...#..#
#..........###.###.#
#...........#.[.#..#
#............._....#
##..........#...#..#
##.....(....###.###.#


You could see an orc priest, an orc wizard (invisible), an orc, 2 goblins and a
kobold.

Vanquished Creatures
  A bullfrog zombie (D:5)
  4 giant cockroaches (D:5)
  2 quokkas (D:5)
  2 ball pythons (D:4)
  5 frilled lizards (Sewer)
14 creatures vanquished.

Notes
Turn   | Place    | Note
-------+----------+-------------------------------------------
     0 | D:5      | sasquatch the Felid Delver began the quest for the Orb.
     0 | D:5      | Reached XP level 1. HP: 10/10 MP: 2/2
    91 | D:5      | Reached skill level 7 in Stealth
    91 | D:5      | Reached XP level 2. HP: 10/14 MP: 3/3
    91 | D:5      | Reached XP level 3. HP: 12/17 MP: 4/4
   186 | D:5      | Found a glowing drain.
   328 | D:5      | Noticed a scorpion
   353 | Sewer    | Entered a sewer
   427 | Sewer    | Noticed Purgy
   768 | D:4      | Found a radiant altar of Vehumet.
   790 | D:4      | Killed from afar by an orc priest

Illustrated notes

Levels and vault maps discovered:
D:4:      layout_cave_pods, vehumet_crystals
D:5:      layout_basic, tgw_xom, gup_sewer_entry_pipe,
          nicolae_ossuary_entry_false_entrances, minmay_ogre_servants

Skill      XL: |  1  2  3 |
---------------+----------+-----
Stealth        | 7 |  7.4
Unarmed Combat | 3 |  3.0
Fighting       | |  3.0
Dodging        | |  2.6

Action                   || total
-------------------------++-------
Melee: Unarmed           ||    46
       Bite              ||     2
  Use: Scroll            ||     1
 Stab: Sleeping          ||     5
Armor: Skin              ||     2
Dodge: Dodged            ||    26
